 Dungeon Crawl Stone Soup version 0.25-a0-158-g59b9092 (webtiles) character file.

Game seed: 13267106105329612500, levelgen mode: deterministic

877 silenth the Magician (level 7, 0/40 HPs)
             Began as a Deep Elf Earth Elementalist on Nov 20, 2019.
             Shot with an arrow by a centaur (9 damage)
             ... on level 5 of the Dungeon.
             The game lasted 00:07:27 (4361 turns).

silenth the Magician (Deep Elf Earth Elementalist)  Turns: 4361, Time: 00:07:27

Health: 0/40       AC:  4    Str:  5    XL:     7   Next: 75%
Magic:  25/28      EV: 16    Int: 22    God:
Gold:   270        SH:  0    Dex: 15    Spells: 9/20 levels left

rFire    . . .     SeeInvis .   h - +0 dagger
rCold    . . .     Gourm    .   (no shield)
rNeg     . . .     Faith    .   c - +0 robe
rPois    .         Spirit   .   (no helmet)
rElec    .         Reflect  .   i - +1 cloak
rCorr    .         Harm     .   (no gloves)
MR       .....                  (no boots)
Stlth    ++........             (no amulet)
HPRegen  0.13/turn              n - ring of magical power
MPRegen  0.21/turn              l - +3 ring of evasion

@: no status effects
A: no striking features
a: no special abilities


You were on level 5 of the Dungeon.
You were not hungry.

You visited 1 branch of the dungeon, and saw 5 of its levels.

You collected 270 gold pieces.

Inventory:

Hand Weapons
 h - a +0 dagger (weapon)
Missiles
 s - 38 stones (quivered)
Armour
 c - a +0 robe (worn)
 i - a +1 cloak (worn)
Jewellery
 l - a +3 ring of evasion (right hand)
 n - a ring of magical power (left hand)
 w - an uncursed ring of resist corrosion
Wands
 b - a wand of enslavement (10)
 p - a wand of disintegration (8)
Scrolls
 f - 2 scrolls of immolation
 k - a scroll of enchant armour {unknown}
 m - a scroll of fear {unknown}
 o - a scroll of fog {unknown}
 q - a scroll of enchant weapon {unknown}
 r - a scroll of remove curse
 v - a scroll of amnesia {unknown}
Potions
 a - 2 potions of might
 d - a potion of magic
 g - a potion of haste
 j - 2 potions of curing {unknown}
 t - a potion of heal wounds {unknown}
 u - a potion of berserk rage
Comestibles
 e - 11 rations


   Skills:
 + Level 2.5 Fighting
 - Level 2.4 Dodging
 - Level 2.4 Stealth
 + Level 7.0 Spellcasting
 + Level 4.7 Transmutations
 + Level 6.2 Earth Magic


You had 9 spell levels left.
You knew the following spells:

 Your Spells              Type           Power        Failure   Level  Hunger
a - Sandblast             Erth           #####.       1%          1    None
b - Passwall              Tmut/Erth      ####....     1%          2    None
c - Stone Arrow           Conj/Erth      ###...       7%          3    None
d - Lee's Rapid Deconstr  Erth           #####.....   17%         5    #####..

Your spell library contained the following spells:

 Spells                   Type           Power        Failure   Level  Hunger
 Petrify                  Tmut/Erth      ####....     9%          4    ###....


Dungeon Overview and Level Annotations

Branches:
Dungeon (5/15)
 Temple: D:4-7

Altars:
Hepliaklqana
Wu Jian
Yredelemnul
The Shining One


Message History

The centaur shoots an arrow.
The arrow hits you but does no damage.
The centaur shoots an arrow.
The arrow hits you!
You see here an arrow.
The centaur shoots an arrow.
The arrow hits you!
You are too injured to fight recklessly!
You are too injured to fight recklessly!
The centaur shoots an arrow.
The arrow hits you!
* * * LOW HITPOINT WARNING * * *
Okay, then.
The centaur shoots an arrow.
The arrow closely misses you.
Okay, then.
Casting: Sandblast (safe; 1% risk of failure)
Confirm with . or Enter, or press ? or * to list all spells.
Aiming: Stone Arrow (safe; 7% risk of failure)
Press: ? - help, Shift-Dir - straight line, f - centaur
Aim: a centaur, wielding a +0 shortbow The stone arrow hits the centaur.
The centaur is moderately wounded.
The centaur shoots an arrow.
The arrow hits you!
You die...

#...#### #...##.###
#..(.....# ##..##.#....
#.c##.## #
########......#
...........#c(#
.################..#
...........#....@..####
.####.#.##.#.#..........
.####.#.##.#.#...#.#####
.#..#.#.##.#.#........#
.#..#.#.##)#.#...#.##.#
.#....#.#<.......#.# #
.##.###.#.......##.. #.
.##.# #.#.##..#.##.## #)
.##.# #.#.##.......# #.


You could see a centaur.

Vanquished Creatures
  An ice beast (D:4)
  2 ogres
  A centaur (D:5)
  2 scorpions
  3 orc priests
  An orc wizard (D:4)
  A worker ant (D:5)
  10 adders
  12 gnolls
  An ooze (D:2)
  An adder skeleton (D:5)
  3 dart slugs
  3 leopard geckos (D:2)
  10 orcs
  A ball python (D:2)
  3 giant cockroaches
  2 gnoll zombies (D:2)
  6 goblins
  6 hobgoblins
  2 jackals (D:5)
  13 bats
  3 frilled lizards
  2 kobolds
  10 rats
99 creatures vanquished.

Notes
Turn   | Place    | Note
-------+----------+-------------------------------------------
     0 | D:1      | silenth the Deep Elf Earth Elementalist began the quest for
                  | the Orb.
     0 | D:1      | Reached XP level 1. HP: 10/10 MP: 6/6
   261 | D:1      | Reached XP level 2. HP: 15/15 MP: 5/8
   541 | D:1      | Reached skill level 4 in Spellcasting
   541 | D:1      | Reached skill level 4 in Earth Magic
   580 | D:1      | Learned a level 2 spell: Passwall
   616 | D:2      | Reached XP level 3. HP: 19/19 MP: 7/10
   696 | D:2      | Learned a level 3 spell: Stone Arrow
   956 | D:2      | Reached XP level 4. HP: 24/24 MP: 6/12
   960 | D:2      | Reached skill level 2 in Transmutations
  1076 | D:2      | Noticed an ogre
  1081 | D:2      | Killed an ogre
  1081 | D:2      | Reached skill level 5 in Spellcasting
  1081 | D:2      | Reached XP level 5. HP: 28/28 MP: 2/14
  1204 | D:2      | Reached skill level 3 in Transmutations
  1204 | D:2      | Reached skill level 5 in Earth Magic
  1669 | D:2      | Found a basalt altar of Yredelemnul.
  2158 | D:3      | Found an ornate altar of the Wu Jian Council.
  2159 | D:3      | Found a hazy altar of Hepliaklqana.
  2159 | D:3      | Found a glowing golden altar of the Shining One.
  2361 | D:3      | Reached XP level 6. HP: 23/33 MP: 9/16
  2368 | D:3      | Learned a level 5 spell: Lee's Rapid Deconstruction
  2828 | D:4      | Reached skill level 1 in Fighting
  2986 | D:4      | Reached skill level 6 in Spellcasting
  3026 | D:4      | Reached skill level 4 in Transmutations
  3036 | D:4      | Reached XP level 7. HP: 34/38 MP: 2/18
  3509 | D:4      | Reached skill level 2 in Fighting
  3667 | D:5      | Entered Level 5 of the Dungeon
  3777 | D:5      | Reached skill level 6 in Earth Magic
  4165 | D:5      | Reached skill level 7 in Spellcasting
  4361 | D:5      | Shot with an arrow by a centaur

Levels and vault maps discovered:
D:1:      dpeg_arrival_tiny_a, layout_rooms
D:2:      layout_rooms, lemuel_zombie_altar_yredelemnul
D:3:      layout_loops_ring, chequers_temple_overflow_statue_of_worship,
          first_ration
D:4:      layout_cave_pools
D:5:      layout_basic, led_sif_pool

Skill      XL: |  1  2  3  4  5  6  7 |
---------------+----------------------+-----
Spellcasting   | 4 5 6 7 |  7.0
Earth Magic    | 4 5 6 |  6.2
Transmutations | 2 3 4 |  4.7
Fighting       | 1 2 |  2.5
Dodging        | |  2.4
Stealth        | |  2.4

Action                   |  1- 3 |  4- 6 |  7- 9 || total
-------------------------+-------+-------+-------++-------
Melee: Dagger            |       |    18 |       ||    18
 Cast: Sandblast         |    30 |    25 |    19 ||    74
       Stone Arrow       |     2 |    53 |    32 ||    87
  Use: Scroll            |       |       |     6 ||     6
 Stab: Sleeping          |       |     1 |       ||     1
  Eat: Chunk             |       |     8 |     4 ||    12
Armor: Robe              |     2 |     3 |     3 ||     8
Dodge: Dodged            |     8 |    25 |    14 ||    47

Table legend:
 A = Non-vault XP
 B = Vault XP
 C = Vault XP percentage of total XP
 D = Non-vault monster count
 E = Vault monster count
 F = Vault count percentage of total count
                 A         B        C        D         E       F
            +---------+---------+-------+---------+---------+-------
      Total |    1249 |       4 |   0.3 |      97 |       2 |   2.0
            +---------+---------+-------+---------+---------+-------
        D:1 |      36 |       0 |   0.0 |      18 |       0 |   0.0
        D:2 |     281 |       4 |   1.4 |      32 |       2 |   5.9
        D:3 |     134 |       0 |   0.0 |      17 |       0 |   0.0
        D:4 |     492 |       0 |   0.0 |      15 |       0 |   0.0
        D:5 |     306 |       0 |   0.0 |      15 |       0 |   0.0
            +---------+---------+-------+---------+---------+-------
